 Dungeon Crawl Stone Soup version 0.20.1-1-g8b1a95d (webtiles) character file.

175 Irenicus the Insei (level 5, -1/36 HPs)
             Began as an Octopode Chaos Knight on Oct 27, 2017.
             Slain by a goblin
             ... wielding a +0 club
              (6 damage)
             ... on level 3 of the Dungeon.
             The game lasted 00:03:15 (1460 turns).

Irenicus the Insei (Octopode Chaos Knight)          Turns: 1460, Time: 00:03:16

Health: -1/36      AC:  1    Str: 11    XL:     5   Next: 55%
Magic:  5/5        EV: 13    Int: 14    God:    Xom [..*...]
Gold:   72         SH:  0    Dex: 13    Spells: 4/4 levels left

rFire    . . .     SeeInvis .     - Unarmed
rCold    . . .     Gourm    .   (no shield)
rNeg     . . .     Faith    .   (helmet restricted)
rPois    .         Spirit   .   (no amulet)
rElec    .         Reflect  .   (no ring)
rCorr    .         Harm     .   (no ring)
MR       .....                  (no ring)
Stlth    ++........             (no ring)
Regen    0.2/turn               (no ring)
MPRegen  0.1/turn               (no ring)
                                (no ring)
                                (no ring)

@: no status effects
A: almost no armour, stealthy swim, amphibious, 8 rings, constrict 8, camouflage
1, gelatinous body 1
a: Renounce Religion


You were on level 3 of the Dungeon.
You worshipped Xom.
You were a toy of Xom.
You were hungry.

You visited 1 branch of the dungeon, and saw 3 of its levels.

You collected 72 gold pieces.

Inventory:

Hand Weapons
 d - a +2 hunting sling of freezing
Scrolls
 c - 2 scrolls of fear {unknown}
 e - 5 scrolls of recharging {unknown}
 g - 3 scrolls of identify {unknown}
 i - a scroll of remove curse {unknown}
 j - a scroll of magic mapping {unknown}
 k - a scroll of teleportation {unknown}
 n - 3 scrolls of random uselessness {unknown}
Potions
 b - a potion of haste {unknown}
 f - a potion of lignification {unknown}
 h - a potion of ambrosia {unknown}
 l - a potion of degeneration {unknown}
 m - 2 potions of curing {unknown}
Comestibles
 a - 3 bread rations
 p - a royal jelly


   Skills:
 - Level 3.0 Fighting
 - Level 2.3 Dodging
 + Level 6.0 Unarmed Combat


You had 4 spell levels left.
You didn't know any spells.

Dungeon Overview and Level Annotations

Branches:
Dungeon (3/15)

Altars:


Innate Abilities, Weirdness & Mutations

You cannot wear most types of armour.
You are very stealthy in the water. (Stealth+)
You are amphibious.
You can wear up to eight rings at the same time.
You can use your tentacles to constrict eight enemies at once.
Your skin changes colour to match your surroundings (Stealth+).
Your rubbery body absorbs attacks. (AC +1, EV +1)


Message History

The goblin hits you with a club.
* * * LOW HITPOINT WARNING * * *
You tentacle-slap the goblin. Your grab misses the goblin.
The goblin is moderately wounded.
The goblin hits you with a club.
* * * LOW HITPOINT WARNING * * *
Xom is interested.
You barely miss the goblin. Your grab misses the goblin.
Your squeeze misses the goblin. The goblin closely misses you.
You miss the goblin. Your grab misses the goblin.
Your squeeze misses the goblin. The goblin closely misses you.
There is an open door here.
Things that are here:
a dagger; a robe
Items here: ( ))) [ ††
Items here: ) [[ ††††† You tentacle-slap the goblin but do no damage.
You grab the goblin. You constrict the goblin. The goblin hits you with a club.
You die... "What!?
That's it?"

...###.........# ..
............#
...##..........#
......>.......# ###
#.#.........## ..##
#....#.......#
#..###.##.###.....#
#...........#.)#####
#'#######..##..g@.(#
.....#........####)#
#.##.###..##### #.#
####### .#.# #
#..######
#.#####.....# #.#..#
#.......#
#.....#.###.# .# #.#
#.......# #####.#.#
#.# # .#.....$...#
#.#.# #.#
#....######
#.#.###.# #....#
###.......#


You could see a goblin.

Vanquished Creatures
  An orc wizard (D:3)
  4 gnolls (D:3)
  4 adders
  An ooze (D:2)
  3 worms (D:2)
  2 dart slugs
  A leopard gecko (D:1)
  4 orcs (D:3)
  4 giant cockroaches (D:1)
  4 goblins
  5 hobgoblins
  8 jackals (D:2)
  2 bats (D:1)
  3 frilled lizards (D:1)
  2 kobolds
  6 rats
54 creatures vanquished.

Notes
Turn   | Place    | Note
-------+----------+-------------------------------------------
     0 | D:1      | Irenicus the Octopode Chaos Knight began the quest for the Orb.
     0 | D:1      | Reached XP level 1. HP: 16/16 MP: 1/1
     6 | D:1      | Noticed a polar bear
     6 | D:1      | Noticed a killer bee
     6 | D:1      | Noticed a swamp drake
     6 | D:1      | Noticed a salamander
   162 | D:1      | Reached XP level 2. HP: 20/21 MP: 2/2
   351 | D:1      | XOM: silly message
   519 | D:1      | Reached skill level 4 in Unarmed Combat
   542 | D:1      | XOM: harmless Tmut miscast
   673 | D:2      | Reached XP level 3. HP: 23/26 MP: 3/3
  1009 | D:2      | XOM: harmless Ice miscast
  1041 | D:2      | Reached XP level 4. HP: 19/31 MP: 4/4
  1095 | D:2      | Reached skill level 5 in Unarmed Combat
  1197 | D:2      | XOM: harmless Air miscast
  1304 | D:2      | XOM: harmless Tmut miscast
  1374 | D:3      | Reached XP level 5. HP: 28/36 MP: 5/5
  1376 | D:3      | XOM: harmless Erth miscast
  1402 | D:3      | Reached skill level 6 in Unarmed Combat
  1460 | D:3      | Slain by a goblin

Skill      XL: |  1  2  3  4  5 |
---------------+----------------+-----
Unarmed Combat | 4 5 6 |  6.0
Fighting       | |  3.0
Dodging        | |  2.3

Action                   |  1- 3 |  4- 6 || total
-------------------------+-------+-------++-------
Melee: Unarmed           |    95 |    57 ||   152
       Constrict         |    22 |    14 ||    36
       Tentacles         |    16 |    10 ||    26
       Punch             |     2 |     3 ||     5
 Stab: Sleeping          |     1 |     1 ||     2
  Eat: Chunk             |       |     1 ||     1
Armor: Skin              |     5 |     1 ||     6
Dodge: Dodged            |    59 |    26 ||    85
